AoeStats
← xGraviSx

Arabia

509136321Analyzed
1v1 RM · 6d ago on Sep 25, 2026· 48m 32s· 2 players
Game mode
Random Map
Map size
Tiny (2 player)
Population
200
Speed
Normal
Resources
Standard
Victory
Conquest
Starting age
Dark Age
Ending age
Imperial Age
RankedLock teamsTeams togetherTeam positionsShared explorationLock speedFull tech treeHidden civsTurbo modeCheats
Victory
Defeat
🇦🇷 Franks · Argentina
827
+14
🇳🇴 Britons · Norway
781
-14
xGraviSx
2:42 Loom
10:10 Feudal Age
11:34 Wheelbarrow
12:19 Double-Bit Axe
14:18 Town Watch
14:57 Horse Collar
16:15 Man-at-Arms
20:39 Forging
20:30 Scale Mail Armor
23:21 Gold Mining
23:27 Fletching
23:39 Padded Archer Armor
28:27 Castle Age
28:10 Stone Mining
32:48 Long Swordsman
33:39 Squires
36:08 Hand Cart
36:51 Scale Barding Armor
36:56 Husbandry
37:58 Chain Mail Armor
39:25 Pikeman
41:20 Town Patrol
41:39 Bow Saw
45:22 Yeomen
48:10 Imperial Age
Sombra Nocturna Enroscada
9:47 Feudal Age
10:32 Double-Bit Axe
14:17 Wheelbarrow
13:28 Loom
19:21 Castle Age
17:54 Gold Mining
18:26 Stone Mining
21:08 Bow Saw
21:54 Gold Shaft Mining
28:57 Imperial Age
30:30 Hand Cart
30:13 Fletching
30:34 Forging
30:30 Scale Barding Armor
30:35 Town Watch
32:35 Chemistry
32:42 Iron Casting
32:32 Ballistics
33:09 Elite Skirmisher
35:22 Chain Barding Armor
36:03 Blast Furnace
35:19 Cavalier
37:08 Husbandry
36:41 Paladin
37:25 Light Cavalry
39:02 Plate Barding Armor
39:21 Pikeman
39:47 Gambesons
40:51 Town Patrol
41:04 Bodkin Arrow
41:10 Scale Mail Armor
41:23 Masonry
40:54 Treadmill Crane
41:01 Arrowslits
41:43 Gambesons
42:31 Halberdier
43:14 Squires
48:34 Chivalry
47:58 Elite Throwing Axeman
Connection lost

Rejoining the realm…

Still unreachable

The connection could not be restored.

Session expired

The server has moved on; the page needs a fresh start.